 Dungeon Crawl Stone Soup version 0.30.1-9-gdf580d7c3d (webtiles) character file.

Game seed: 551826582315557983

165 Nonny the Sneak (level 5, 0/36 HPs)
             Began as an Octopode Cinder Acolyte on Oct 25, 2023.
             Was a High Priest of Ignis.
             Slain by a kobold brigand
             ... wielding a +0 club
              (7 damage)
             ... on level 5 of the Dungeon.
             The game lasted 00:09:49 (3647 turns).

Nonny the Sneak (Octopode Cinder Acolyte)           Turns: 3647, Time: 00:09:50

Health: 0/36       AC:  1    Str: 13    XL:     5   Next: 46%
Magic:  6/6        EV: 12    Int: 22    God:    Ignis [*****.]
Gold:   380        SH:  0    Dex: 10    Spells: 2/6 levels left

rFire   + . .        f - +2 dagger (protect)
rCold   . . .        (no shield)
rNeg    . . .        (helmet restricted)
rPois   .            r - amulet of the acrobat
rElec   .            n - +6 ring of intelligence
rCorr   +            m - ring of resist corrosion
SInv    .            (no ring)
Will    .....        (no ring)
Stlth   ++++         (no ring)
HPRegen 0.26/turn    (no ring)
MPRegen 0.10/turn    (no ring)
                     (no ring)

%: acrobat
@: no status effects
A: almost no armour, amphibious, 8 rings, camouflage 1, gelatinous body 1,
(nimble swimmer 1), tentacles
a: Renounce Religion, Fiery Armour, Foxfire Swarm, Rising Flame


You were on level 5 of the Dungeon.
You worshipped Ignis.
Ignis was extremely pleased with you.
You visited 1 branch of the dungeon, and saw 5 of its levels.

You collected 380 gold pieces.

Inventory:

Hand Weapons
 a - a -1 falchion of flaming
 f - a +2 dagger of protection (weapon)
 h - a +3 dagger of venom
Missiles
 o - 4 poisoned darts (quivered)
Jewellery
 k - a ring of flight
 m - a ring of resist corrosion (right tentacle)
 n - a +6 ring of intelligence (left tentacle)
 r - an amulet of the acrobat (around mantle)
 w - an amulet of magic regeneration
Wands
 e - a wand of flame (21)
 s - a wand of polymorph (6)
Scrolls
 b - 2 scrolls of enchant armour
 d - 2 scrolls of teleportation
 j - 2 scrolls of noise
Potions
 c - a potion of resistance {unknown}
 g - 2 potions of lignification {unknown}
 i - 4 potions of flight
 l - 2 potions of attraction {unknown}
 p - 6 potions of curing
 q - 2 potions of haste {unknown}
 t - 2 potions of invisibility {unknown}
 u - a potion of brilliance {unknown}
 v - a potion of degeneration {unknown}


   Skills:
 + Level 3.6 Fighting
 + Level 1.2(2.4) Short Blades
 - Level 3.2(3.3) Long Blades
 + Level 1.2 Dodging
 + Level 5.4 Stealth
 - Level 1.0 Spellcasting
 - Level 3.0 Fire Magic


You had 2 spell levels left.
You knew the following spells:

 Your Spells              Type           Power      Damage    Failure   Level
a - Scorch                Fire           28%        2d6       7%          2
b - Apportation           Tloc           2%         N/A       16%         1
c - Summon Small Mammal   Summ           4%         N/A       16%         1

Your spell library contained the following spells:

 Spells                   Type           Power      Damage    Failure   Level
 Call Canine Familiar     Summ           1%         N/A       41%         3
 Summon Guardian Golem    Hex/Summ       1%         N/A       41%         3
 Alistair's Intoxication  Tmut/Pois      0%         N/A       99%         5


Dungeon Overview and Level Annotations

Branches:
Dungeon (5/15)
 Temple: D:4-7

Altars:
Dithmenos
Hepliaklqana
Makhleb
Zin

Shops:
D:3 [   D:4 *

Annotations:
D:3 Grinder


Innate Abilities, Weirdness & Mutations

You cannot wear most types of armour.
You are amphibious.
You can wear up to eight rings at the same time.
Your skin changes colour to match your surroundings (Stealth+).
Your rubbery body absorbs attacks. (AC +1, EV +1)
((You are camouflaged when in or above water. (Stealth+)))
You have tentacles for arms and can constrict up to eight enemies at once.


Message History

Okay, then.
A kobold comes into view. It is wielding a +0 short sword.
The kobold moves out of view.
A jelly comes into view.
The kobold brigand shouts!
A sleepcap comes into view.
A kobold comes into view. It is wielding a +0 whip.
You barely miss the kobold brigand.
The jelly quivers.
Your grab misses the kobold brigand.
The kobold brigand hits you with a +0 club.
You closely miss the kobold brigand. Your grab misses the kobold brigand.
Your squeeze misses the kobold brigand.
The kobold brigand hits you with a +0 club!
You hit the kobold brigand.
The kobold brigand is poisoned.
Your grab misses the kobold brigand. Your squeeze misses the kobold brigand.
The kobold brigand is lightly wounded.
You barely miss the kobold brigand. Your grab misses the kobold brigand.
You squeeze the kobold brigand, but do no damage.
The kobold brigand is lightly wounded.
The kobold brigand hits you with a +0 club!
You hit the kobold brigand but do no damage.
You grab the kobold brigand.
The kobold brigand is lightly wounded.
You constrict the kobold brigand.
The kobold brigand hits you with a +0 club!
You hit the kobold brigand.
The kobold brigand looks as sick as possible!
The kobold brigand is moderately wounded.
You constrict the kobold brigand.
The kobold brigand hits you with a +0 club.
* * * LOW HITPOINT WARNING * * *
Unknown command.
Okay, then.
Your +3 dagger of venom stops dripping with poison.
Your +2 dagger of protection hums with potential!
f - a +2 dagger of protection (weapon)
You constrict the kobold brigand, but do no damage.
The kobold brigand hits you with a +0 club!
You die...

.###.....#
#..# ###.###.#
####.....#
#..# #<......#
...+.....#
#..# ###.###.#
.§.#.....#
#..# #.#
.≈.##.####
#..# #.#
.≈.#..# #..#
#.# †..'.##
#..# #.#
######
####..######.#
#
#....JK@.....#
#
#.##.K########
#.J. #K# ..
... ## ... ..
.... ####.


You could see a kobold brigand (extremely poisoned), a jelly and a kobold.

Vanquished Creatures
  Ijyb (D:3)
  4 adders
  2 white imps (D:5)
  2 worms
  5 dart slugs
  2 orcs
  8 endoplasms
  4 giant cockroaches
  4 goblins
  6 hobgoblins
  4 jackals (D:3)
  8 kobolds
  4 quokkas
  4 ball pythons
  2 bats (D:1)
  7 frilled lizards
  3 rats (D:1)
70 creatures vanquished.

Notes
Turn   | Place    | Note
-------+----------+-------------------------------------------
     0 | D:1      | Nonny the Octopode Cinder Acolyte began the quest for the
                  | Orb.
     0 | D:1      | Reached XP level 1. HP: 16/16 MP: 2/2
     2 | D:1      | Starting vault: water and lava
   265 | D:1      | Reached skill level 1 in Stealth
   294 | D:1      | Reached XP level 2. HP: 21/21 MP: 3/3
   522 | D:1      | Reached skill level 2 in Stealth
   531 | D:1      | +2 leather armor rF+ west of starting vault
   675 | D:1      | Found a faded altar of an unknown god.
   813 | D:1      | Reached XP level 3. HP: 23/26 MP: 4/4
  1124 | D:1      | Learned a level 2 spell: Scorch
  1340 | D:2      | Reached skill level 3 in Stealth
  1598 | D:2      | Reached XP level 4. HP: 31/31 MP: 5/5
  1843 | D:3      | Noticed Ijyb
  1864 | D:3      | Killed Ijyb
  1865 | D:3      | Reached skill level 1 in Dodging
  1865 | D:3      | Reached skill level 4 in Stealth
  1969 | D:3      | Found Luynt's Armour Emporium.
  2002 | D:3      | Noticed Grinder
  2237 | D:3      | Identified the +0 chain mail "Etaosiri" {Will+ Int+3}
  2543 | D:3      | Found a hazy altar of Hepliaklqana.
  2680 | D:4      | Noticed an ice beast
  2684 | D:4      | Found Zin's Purification Station.
  2688 | D:4      | Found a glowing silver altar of Zin.
  2726 | D:4      | Reached skill level 1 in Short Blades
  2726 | D:4      | Reached XP level 5. HP: 36/36 MP: 6/6
  2801 | D:4      | Learned a level 1 spell: Apportation
  2914 | D:4      | Found a shadowy altar of Dithmenos.
  2935 | D:4      | +3 leather armor
  3162 | D:4      | Learned a level 1 spell: Summon Small Mammal
  3263 | D:5      | Entered Level 5 of the Dungeon
  3299 | D:5      | Reached skill level 5 in Stealth
  3323 | D:5      | Found a burning altar of Makhleb.
  3609 | D:5      | Noticed a kobold brigand
  3647 | D:5      | Slain by a kobold brigand

Illustrated notes ######.### ........## ###........ #~~~≈≈≈≈~~ ### #~8~~≈≈~~ ~.. #~~8~~~~ ~~# #.#≈~~#''#~§§# ..§§≈~#.@#~§§# $#§≈~#<.#~§§# #≈§~####~~≈... ...~~ ~~~§8~~.## ..#~ ~~§≈~~8~.# . # ~~≈§≈§~~~..# ####.##..#... .#. ..#### # # ... Turn 2 on D:1: Starting vault: water and lava

#....# ##..#.#.#.#.##~~ #....#
#...........##~8 #....#
#............#~~ ### #.$..#
#.####.#####.#≈~
..################...##.# #..§§§
#..................#. #.# #..#§≈
#............).....#.##.####..#§~
#..................#.##.#......~~
#....[..........@..#....####..#~8
#.#######################.##..#~~
#.# #....# #.......##..### #.#
#....# #.............. #.# #....#
##......##..##. #.# #....#
###..........### #.# #....#
#..#.###......# ### #....###
##.....#......†## #......#
#...###.##>...)..


Turn 531 on D:1: +2 leather armor rF+ west of starting vault #########
######.......# #............# #@...........## #......###.... #...##...#..# ..
###...#....#..##.# #.....)._.)....#.# #.#..#....#....>.# #.#..#...##...#..# #
#..###......#..# ........)...#..# Turn 2935 on D:4: +3 leather armor

Levels and vault maps discovered:
D:1:      lightli_arrival_boilingwater, layout_loops_ring,
          ebering_ecumenical_altar_petrified, serial_co_window_serial,
          co_window_of_opportunity_a, co_window_corner_a, co_window_cross_1,
          co_window_paths_a, co_window_paths_a, co_window_2corner,
          co_window_unsneaky_path_b, co_window_cross_4, co_window_corner_ca,
          co_window_of_opportunity_b, co_window_broadway_a,
          co_window_of_opportunity_c, co_window_paths_e, glass_columns_b,
          glass_columns_c, glass_columns_a, glass_columns_a,
          minmay_close_crescents
D:2:      layout_loops_ring
D:3:      layout_basic, mainiacjoe_overflow_paths, serial_shops, shop,
          uniq_grinder, uniq_ijyb
D:4:      layout_loops_ring, zin_purify, nicolae_overflow_crystal_walls
D:5:      layout_basic, nemelex_spade_bored_becter,
          mainiacjoe_overflow_six_doors_small, serial_shops,
          nicolae_shop_rolling_square, nicolae_diamond_shop, shop, shop,
          nicolae_shop_tiny_statue_garden

Skill      XL: |  1  2  3  4  5 |
---------------+----------------+-----
Stealth        | 1 2 3 4 5 |  5.4
Dodging        | 1 |  1.2
Short Blades   | 1 |  1.2
Fighting       | |  3.6
Long Blades    | |  3.2
Spellcasting   | |  1.0
Fire Magic     | |  3.0

Action                     |  1- 3 |  4- 6 || total
---------------------------+-------+-------++-------
  Melee: Falchion          |    13 |       ||    13
         Constrict         |    22 |    16 ||    38
         Dagger            |    65 |    67 ||   132
         Tentacles         |    21 |     9 ||    30
         Punch             |     1 |     1 ||     2
    Use: Scroll            |       |    10 ||    10
   Stab: Sleeping          |    15 |     8 ||    23
         Distracted        |       |     1 ||     1
 Armour: Skin              |     6 |     2 ||     8
  Dodge: Dodged            |    39 |    42 ||    81
